 Dungeon Crawl Stone Soup version 0.29.1-13-g9f3cf754e1 (webtiles) character file.

Game seed: 15166791813160958466

634 KittyFluff the Cudgeller (level 7, -4/66 HPs)
             Began as a Gargoyle Berserker on Jan 23, 2023.
             Was an Elder of Trog.
             Slain by a worm (5 damage)
             ... on level 4 of the Dungeon.
             The game lasted 00:22:44 (4578 turns).

KittyFluff the Cudgeller (Gargoyle Berserker)       Turns: 4578, Time: 00:22:46

Health: -4/66      AC:  9    Str: 20    XL:     7   Next: 49%
Magic:  7/7        EV: 12    Int:  8    God:    Trog [****..]
Gold:   17         SH:  0    Dex: 11    Spells: 6/6 levels left

rFire   + . .      SeeInvis .   a - +0 mace
rCold   . . .      Faith    .   (no shield)
rNeg    + . .      Spirit   .   n - +0 leather armour
rPois   ∞          Reflect  .   s - +0 helmet
rElec   +          Harm     .   (no cloak)
rCorr   .          Rampage  .   (no gloves)
Will    .....                   (no boots)
Stlth   ..........              g - amulet of regeneration
HPRegen 1.01/turn               i - ring of Ashenzari's Supremacy {Fly rF+}
MPRegen 0.10/turn               (no ring)

@: berserking, flying, very quick
A: sickness immunity, AC +4, negative energy resistance 1, electricity
resistance, torment resistance 1, petrification resistance
a: Renounce Religion, Berserk, Trog's Hand, Brothers in Arms


You were on level 4 of the Dungeon.
You worshipped Trog.
Trog was greatly pleased with you.
You visited 1 branch of the dungeon, and saw 5 of its levels.

You collected 216 gold pieces.
You spent 199 gold pieces at shops.

Inventory:

Hand Weapons
 a - a +0 mace (weapon)
 c - a +0 sling
 f - a +0 morningstar
 x - a +0 flail
Missiles
 b - 18 poisoned darts
 e - 34 stones (quivered)
 r - 4 boomerangs
 A - a throwing net
Armour
 d - a scarf of invisibility
 j - a +0 ring mail
 m - a +0 scale mail
 n - a +0 leather armour (worn)
 s - a +0 helmet (worn)
 F - the +9 chain mail of the Pleiades {rF+ Dex+4}
   (You bought it in a shop on level 1 of the Dungeon)

   Dex:       It affects your dexterity (+4).
   rF:        It protects you from fire.
Jewellery
 g - an amulet of regeneration (around neck)
 i - the ring of Ashenzari's Supremacy (left hand) {Fly rF+}
   (You found it on level 2 of the Dungeon)

   [ring of flight]

   rF:        It protects you from fire.
   Fly:       It grants you flight.
Wands
 l - a wand of charming (12)
 y - a wand of acid (6)
 B - a wand of iceblast (5)
Scrolls
 h - a scroll of teleportation {unknown}
 o - a scroll of poison {unknown}
 u - 2 scrolls of identify {unknown}
 v - a scroll of vulnerability {unknown}
 z - 2 scrolls of magic mapping {unknown}
 C - a scroll of enchant armour {unknown}
 D - a scroll of blinking {unknown}
Potions
 k - a potion of degeneration {unknown}
 p - a potion of might {unknown}
 q - 2 potions of ambrosia {unknown}
 t - a potion of haste {unknown}
 w - a potion of flight {unknown}
 E - a potion of berserk rage {unknown}


   Skills:
 + Level 4.7 Fighting
 + Level 5.5 Maces & Flails
 * Level 4.4 Armour
 + Level 3.1 Dodging
 + Level 2.6 Stealth


You had 6 spell levels left.
You didn't know any spells.
Your spell library was empty.

Dungeon Overview and Level Annotations

Branches:
Dungeon (5/15)
 Temple: D:4-7

Altars:
Uskayaw
Xom
Yredelemnul

Shops:
D:1 [


Innate Abilities, Weirdness & Mutations

You are immune to sickness and miasma.
Your stone body is resilient. (AC +4)
You are immune to poison.
You resist negative energy. (rN+)
You are resistant to electric shocks. (rElec)
You are resistant to unholy torment.
You are immune to petrification.


Message History

The black bear completely misses you. The black bear claws you.
The worm misses you. The adder barely misses you.
You hit the black bear.
The black bear is almost dead.
The black bear bites you but does no damage.
The black bear claws you but does no damage.
The black bear barely misses you. The adder barely misses you.
You barely miss the black bear.
The black bear is almost dead.
The black bear bites you. The black bear claws you.
The black bear barely misses you. The adder bites you but does no damage.
The worm bites you!
The black bear bites you but does no damage.
The black bear claws you but does no damage.
The black bear claws you.
A red film seems to cover your vision as you go berserk!
You feel yourself moving faster!
You feel mighty! The adder bites you but does no damage.
The black bear barely misses you. The black bear misses you.
The black bear closely misses you. The adder bites you but does no damage.
The worm bites you.
* * * LOW HITPOINT WARNING * * *
The black bear bites you.
* * * LOW HITPOINT WARNING * * *
The black bear claws you.
* * * LOW HITPOINT WARNING * * *
The black bear claws you.
* * * LOW HITPOINT WARNING * * *
You hit the black bear.
The black bear is almost dead.
The adder bites you.
* * * LOW HITPOINT WARNING * * *
The black bear closely misses you. x2
The black bear claws you but does no damage.
You barely miss the black bear.
The black bear is almost dead.
The black bear barely misses you. The black bear closely misses you.
The black bear claws you.
* * * LOW HITPOINT WARNING * * *
The adder closely misses you. The worm bites you.
You die...

####### #.....#
######### #.....#
#.......# #.....#
##.#####.####.....#
#Shw...............
#.@.......###..)..#
####........#########.
#.....................
#.............#######.
#.............#### ##
#................#
#......####......#
#......# #......#
#......####......#


You could see a black bear (berserk), a worm and an adder.

Vanquished Creatures
  An ogre (D:3)
  4 hounds (D:4)
  An orc priest (D:2)
  A jelly (D:4)
  Jessica (D:2)
  3 iguanas
  Natasha (D:4)
  Robin (D:2)
  4 gnolls
  7 adders
  An ufetubus (D:4)
  2 adder zombies (D:3)
  2 dart slugs
  6 orcs
  10 bats
  15 endoplasms
  3 giant cockroaches
  14 goblins
  4 hobgoblins
  4 jackals (D:1)
  2 quokkas
  9 ball pythons
  4 frilled lizards
  19 kobolds
  7 rats
  A spectral hobgoblin (D:2)
127 creatures vanquished.

Vanquished Creatures (others)
  A fungus (D:4)
  10 toadstools (D:4)
11 creatures vanquished.

Grand Total: 138 creatures vanquished

Notes
Turn   | Place    | Note
-------+----------+-------------------------------------------
     0 | D:1      | KittyFluff the Gargoyle Berserker began the quest for the
                  | Orb.
     0 | D:1      | Reached XP level 1. HP: 14/14 MP: 1/1
   485 | D:1      | Reached XP level 2. HP: 19/19 MP: 2/2
   535 | D:1      | Found Apsinwom's Antique Armour Emporium.
   849 | D:1      | Reached XP level 3. HP: 24/24 MP: 3/3
  1663 | D:2      | Reached skill level 1 in Stealth
  1718 | D:2      | Reached ** piety under Trog
  1736 | D:2      | Identified the ring of Ashenzari's Supremacy {Fly rF+}
  1842 | D:2      | Noticed Jessica
  1853 | D:2      | Killed Jessica
  1854 | D:2      | Reached XP level 4. HP: 15/29 MP: 4/4
  1960 | D:2      | Found a faded altar of an unknown god.
  2202 | D:2      | Reached XP level 5. HP: 19/33 MP: 5/5
  2468 | D:3      | Reached skill level 4 in Maces & Flails
  2644 | D:3      | Noticed an ogre
  2650 | D:3      | Killed an ogre
  2651 | D:3      | Reached XP level 6. HP: 38/38 MP: 6/6
  3074 | D:3      | Found a basalt altar of Yredelemnul.
  3345 | D:4      | Reached *** piety under Trog
  3630 | D:4      | Reached skill level 5 in Maces & Flails
  3657 | D:4      | Reached XP level 7. HP: 44/44 MP: 7/7
  3733 | D:4      | Found a shimmering altar of Xom.
  3840 | D:4      | Noticed Natasha
  3848 | D:4      | Killed Natasha
  3914 | D:4      | Found a hide-covered altar of Uskayaw.
  4296 | D:2      | Noticed Robin
  4311 | D:2      | Reached **** piety under Trog
  4314 | D:2      | Killed Robin
  4394 | D:1      | Bought a distressingly furry chain mail for 199 gold pieces
  4394 | D:1      | Identified the +9 chain mail of the Pleiades {rF+ Dex+4}
                  | (You bought it in a shop on level 1 of the Dungeon)
  4501 | D:5      | Entered Level 5 of the Dungeon
  4577 | D:4      | HP: 1/66 [adder (3)]
  4578 | D:4      | Slain by a worm

Illustrated notes

Levels and vault maps discovered:
D:1:      minmay_arrival_three_doors, layout_basic, serial_shops,
          nicolae_shop_waterfront, minmay_misc_feat_hallway,
          minmay_crystal_water, corexii_corridor_pit
D:2:      cheibrodos_pilgrimage, layout_loops_ring,
          dreamdust_ecumenical_altar_drowned_temple,
          nicolae_concentric_dashed_squares_mild, uniq_robin, uniq_jessica
D:3:      layout_loops_ring, lemuel_zombie_altar_yredelemnul
D:4:      cheibrodos_fertilizer, layout_basic, lemuel_doored_altar,
          mainiacjoe_overflow_24_doors, uniq_natasha
D:5:      layout_basic, kennysheep_mini_moat, st_stairs_10,
          amcnicky_mini_rare_corridor_liquid, chequers_hall_statues_wall_a

Skill      XL: |  1  2  3  4  5  6  7 |
---------------+----------------------+-----
Stealth        | 1 2 |  2.6
Dodging        | 2 3 |  3.1
Armour         | 3 4 |  4.4
Fighting       | 4 |  4.7
Maces & Flails | 4 5 |  5.5

Action                   |  1- 3 |  4- 6 |  7- 9 || total
-------------------------+-------+-------+-------++-------
Melee: Mace              |   100 |   198 |   132 ||   430
       Punch             |       |     2 |     1 ||     3
Throw: Stone             |       |     3 |     4 ||     7
Invok: Berserk           |       |     2 |     1 ||     3
  Use: Potion            |       |     2 |       ||     2
 Stab: Sleeping          |     1 |     3 |     3 ||     7
Armor: Animal skin       |    53 |     6 |       ||    59
       Leather armour    |       |    78 |    74 ||   152
Dodge: Dodged            |    95 |   145 |   107 ||   347
